TOP OF THE 1ST |
Vermont Lake Monsters batting - Pitching for Minnesota (NYP) Twins : LHP Umberto van der Vleuten
|
Pitching: LHP Umberto van der Vleuten
|
|
Batting: RHB Danny Heikkila
|
0-0: Called Strike 0-1: Called Strike 0-2: Ball 1-2: Foul Ball, location: 2F 1-2: Ball 2-2: Ball 3-2: Ground out 6-3 (Groundball, 6MS, EV 90.0 MPH)
|
Batting: RHB Ricardo Mariscal
|
0-0: Ground out 4-3 (Groundball, 4, EV 86.2 MPH)
|
Batting: LHB Angel Sanchez
|
0-0: Ball 1-0: Called Strike 1-1: Fly out, F8 (Flyball, 8RS, EV 79.4 MPH)
|
Top of the 1st over - 0 runs, 0 hits, 0 errors, 0 left on base; Vermont 0 - Minnesota (NYP) 0 |
BOTTOM OF THE 1ST |
Minnesota (NYP) Twins batting - Pitching for Vermont Lake Monsters : RHP C.J. Ledger
|
Pitching: RHP C.J. Ledger
|
|
Batting: LHB Chris Munguia
|
0-0: Ball 1-0: Called Strike 1-1: Called Strike 1-2: Ball 2-2: Foul Ball, location: 2F 2-2: Ground out 4-3 (Groundball, 4, EV 88.1 MPH)
|
Batting: RHB Sean Gould
|
0-0: Ball 1-0: Ball 2-0: Called Strike 2-1: Ball 3-1: Swinging Strike 3-2: Base on Balls
|
Batting: SHB Ian Thompson
|
0-0: Foul Ball, location: 2F 0-1: Foul Ball, location: 2F 0-2: Strikes out swinging
|
Batting: RHB David Nardone
|
0-0: Called Strike 0-1: Ball 1-1: Ball 2-1: Ground out 4-3 (Groundball, 4, EV 98.8 MPH)
|
Bottom of the 1st over - 0 runs, 0 hits, 0 errors, 1 left on base; Vermont 0 - Minnesota (NYP) 0 |
TOP OF THE 2ND |
Vermont Lake Monsters batting - Pitching for Minnesota (NYP) Twins : LHP Umberto van der Vleuten
|
Batting: RHB Tony Moran
|
0-0: Ground out 2-3 (Groundball, 15S, EV 66.2 MPH)
|
Batting: RHB Casey Nicita
|
0-0: Ball 1-0: Ball 2-0: Swinging Strike 2-1: Ball 3-1: Base on Balls
|
Batting: RHB Jose Marquez
|
0-0: Foul Ball, location: 2F 0-1: Foul Ball, location: 2F 0-2: Ball 1-2: Ball 2-2: Ball 3-2: Foul Ball, location: 2F 3-2: Strikes out swinging
|
Batting: RHB Chris Montgomery
|
0-0: Ball 1-0: Ball 2-0: Ball 3-0: Base on Balls Casey Nicita to second
|
Batting: RHB D.J. Torres
|
0-0: Ball 1-0: Ball 2-0: Foul Ball, location: 2F 2-1: Ball 3-1: Fly out, F9 (Flyball, 9LM, EV 98.8 MPH)
|
Top of the 2nd over - 0 runs, 0 hits, 0 errors, 2 left on base; Vermont 0 - Minnesota (NYP) 0 |
BOTTOM OF THE 2ND |
Minnesota (NYP) Twins batting - Pitching for Vermont Lake Monsters : RHP C.J. Ledger
|
Batting: RHB Tony Crespo
|
0-0: Ball 1-0: Foul Ball, location: 2F 1-1: Foul Ball, location: 2F 1-2: Ball 2-2: Ball 3-2: Fly out, F6 (Flyball, 6D, EV 91.2 MPH)
|
Batting: LHB Seung-jun Chang
|
0-0: Called Strike 0-1: Called Strike 0-2: Strikes out looking
|
Batting: RHB Chris Starcher
|
0-0: Ball 1-0: Foul Ball, location: 2F 1-1: Foul Ball, location: 2F 1-2: SINGLE (Line Drive, 7S, EV 106.9 MPH)
|
Batting: RHB Kelly Watson
|
0-0: Called Strike 0-1: Ball 1-1: Called Strike 1-2: Fly out, F9 (Line Drive, 9, EV 87.5 MPH)
|
Bottom of the 2nd over - 0 runs, 1 hit, 0 errors, 1 left on base; Vermont 0 - Minnesota (NYP) 0 |
TOP OF THE 3RD |
Vermont Lake Monsters batting - Pitching for Minnesota (NYP) Twins : LHP Umberto van der Vleuten
|
Batting: SHB Mike Jorgenson
|
0-0: Called Strike 0-1: DOUBLE (Line Drive, 9LS, EV 95.0 MPH)
|
Batting: RHB Danny Heikkila
|
0-0: Foul Ball, location: 2F 0-1: Swinging Strike 0-2: Ground out 5-3 (Groundball, 5, EV 86.2 MPH)
|
Batting: RHB Ricardo Mariscal
|
0-0: Called Strike 0-1: Ball 1-1: Swinging Strike 1-2: 2-RUN HOME RUN (Flyball, 78XD, EV 106.2 MPH), Distance : 438 ft
|
Batting: LHB Angel Sanchez
|
0-0: Foul Ball, location: 2F 0-1: Swinging Strike 0-2: Ball 1-2: Ball 2-2: Ball 3-2: Base on Balls
|
Batting: RHB Tony Moran
|
0-0: Ball Angel Sanchez steals 2nd base (no throw) 1-0: Foul Ball, location: 2F 1-1: Called Strike 1-2: Ball 2-2: Ground out 5-3 (Groundball, 56, EV 101.2 MPH)
|
Batting: RHB Casey Nicita
|
0-0: Called Strike 0-1: Ball 1-1: Foul Ball, location: 2F 1-2: Strikes out looking
|
Top of the 3rd over - 2 runs, 2 hits, 0 errors, 1 left on base; Vermont 2 - Minnesota (NYP) 0 |
BOTTOM OF THE 3RD |
Minnesota (NYP) Twins batting - Pitching for Vermont Lake Monsters : RHP C.J. Ledger
|
Batting: RHB Ruben Torres
|
0-0: Ball 1-0: Called Strike 1-1: Fly out, F5 (Line Drive, 5, EV 71.2 MPH)
|
Batting: LHB Chris Munguia
|
0-0: Called Strike 0-1: Foul Ball, location: 2F 0-2: Ball 1-2: Foul Ball, location: 2F 1-2: Hit by Pitch
|
Batting: RHB Sean Gould
|
0-0: Ball Chris Munguia steals 2nd base 1-0: Swinging Strike 1-1: Called Strike Chris Munguia steals 3rd base 1-2: Fly out, F6 (Popup, 6, EV 70.0 MPH)
|
Batting: SHB Ian Thompson
|
0-0: Called Strike 0-1: Foul Ball, location: 2F 0-2: Foul Ball, location: 2F 0-2: Foul Ball, location: 2F 0-2: Ball 1-2: Strikes out swinging
|
Bottom of the 3rd over - 0 runs, 0 hits, 0 errors, 1 left on base; Vermont 2 - Minnesota (NYP) 0 |
TOP OF THE 4TH |
Vermont Lake Monsters batting - Pitching for Minnesota (NYP) Twins : LHP Umberto van der Vleuten
|
Batting: RHB Jose Marquez
|
0-0: Ball 1-0: Called Strike 1-1: Ground out 6-3 (Groundball, 6S, EV 68.8 MPH)
|
Batting: RHB Chris Montgomery
|
0-0: Fly out, F4 (Flyball, 34D, EV 87.5 MPH)
|
Batting: RHB D.J. Torres
|
0-0: Ball 1-0: Ball 2-0: Ball 3-0: Base on Balls
|
Batting: SHB Mike Jorgenson
|
0-0: Ball 1-0: Ball Wild Pitch! D.J. Torres to second 2-0: Foul Ball, location: 2F 2-1: Ball 3-1: Base on Balls
|
Batting: RHB Danny Heikkila
|
0-0: Ball 1-0: Ball 2-0: Ball 3-0: Called Strike 3-1: Foul Ball, location: 2F 3-2: SINGLE (Groundball, 4MD, EV 102.5 MPH) (infield hit) D.J. Torres to third Mike Jorgenson to second
|
Pitching: RHP Jesus Ruiz
|
|
Batting: RHB Ricardo Mariscal
|
0-0: Called Strike 0-1: Foul Ball, location: 2F 0-2: Ball Wild Pitch! D.J. Torres scores Mike Jorgenson to third Danny Heikkila to second Balk! Mike Jorgenson scores Danny Heikkila to third 1-2: Strikes out swinging
|
Top of the 4th over - 2 runs, 1 hit, 0 errors, 1 left on base; Vermont 4 - Minnesota (NYP) 0 |
BOTTOM OF THE 4TH |
Minnesota (NYP) Twins batting - Pitching for Vermont Lake Monsters : RHP C.J. Ledger
|
Batting: RHB David Nardone
|
0-0: Fly out, F9 (Flyball, 9S, EV 88.1 MPH)
|
Batting: RHB Tony Crespo
|
0-0: Called Strike 0-1: Ball 1-1: Foul Ball, location: 2F 1-2: Foul Ball, location: 2F 1-2: TRIPLE (Flyball, 89XD, EV 98.1 MPH)
|
Batting: LHB Seung-jun Chang
|
0-0: Ground out 1-3 (Groundball, 34S, EV 71.9 MPH)
|
Batting: RHB Chris Starcher
|
0-0: Called Strike 0-1: Fly out, F8 (Flyball, 8LM, EV 86.2 MPH)
|
Bottom of the 4th over - 0 runs, 1 hit, 0 errors, 1 left on base; Vermont 4 - Minnesota (NYP) 0 |
TOP OF THE 5TH |
Vermont Lake Monsters batting - Pitching for Minnesota (NYP) Twins : RHP Jesus Ruiz
|
Batting: LHB Angel Sanchez
|
0-0: Swinging Strike 0-1: Ball 1-1: Called Strike 1-2: Foul Ball, location: 2F 1-2: Strikes out looking
|
Batting: RHB Tony Moran
|
0-0: Called Strike 0-1: Swinging Strike 0-2: Strikes out looking
|
Batting: RHB Casey Nicita
|
0-0: Ball 1-0: Foul Ball, location: 2F 1-1: Ball 2-1: Ground out 6-3 (Groundball, 6, EV 99.4 MPH)
|
Top of the 5th over - 0 runs, 0 hits, 0 errors, 0 left on base; Vermont 4 - Minnesota (NYP) 0 |
BOTTOM OF THE 5TH |
Minnesota (NYP) Twins batting - Pitching for Vermont Lake Monsters : RHP C.J. Ledger
|
Batting: RHB Kelly Watson
|
0-0: Called Strike 0-1: Swinging Strike 0-2: Strikes out looking
|
Batting: RHB Ruben Torres
|
0-0: Called Strike 0-1: Ball 1-1: Ball 2-1: Fly out, F8 (Flyball, 89M, EV 90.6 MPH)
|
Batting: LHB Chris Munguia
|
0-0: Ball 1-0: Ground out U3 (Groundball, 23, EV 95.0 MPH)
|
Bottom of the 5th over - 0 runs, 0 hits, 0 errors, 0 left on base; Vermont 4 - Minnesota (NYP) 0 |
TOP OF THE 6TH |
Vermont Lake Monsters batting - Pitching for Minnesota (NYP) Twins : RHP Jesus Ruiz
|
Batting: RHB Jose Marquez
|
0-0: Swinging Strike 0-1: Ground out 6-3 (Groundball, 6M, EV 101.2 MPH)
|
Batting: RHB Chris Montgomery
|
0-0: Ball 1-0: Ball 2-0: Called Strike 2-1: Called Strike 2-2: Foul Ball, location: 2F 2-2: Ball 3-2: Ground out 4-3 (Groundball, 4, EV 86.9 MPH)
|
Batting: RHB D.J. Torres
|
0-0: Swinging Strike 0-1: Ball 1-1: Ball 2-1: Called Strike 2-2: Strikes out looking
|
Top of the 6th over - 0 runs, 0 hits, 0 errors, 0 left on base; Vermont 4 - Minnesota (NYP) 0 |
BOTTOM OF THE 6TH |
Minnesota (NYP) Twins batting - Pitching for Vermont Lake Monsters : RHP C.J. Ledger
|
Batting: RHB Sean Gould
|
0-0: Called Strike 0-1: Foul Ball, location: 2F 0-2: Strikes out swinging
|
Batting: SHB Ian Thompson
|
0-0: Ball 1-0: Foul Ball, location: 2F 1-1: Ball 2-1: Called Strike 2-2: Ground out U3 (Groundball, 3, EV 76.9 MPH)
|
Batting: RHB David Nardone
|
0-0: Ball 1-0: Ball 2-0: Ball 3-0: Called Strike 3-1: Hit by Pitch
|
Pitching: LHP David Noffsinger
|
|
Batting: RHB Tony Crespo
|
0-0: Called Strike 0-1: Ball 1-1: Swinging Strike 1-2: Ball 2-2: Strikes out looking
|
Bottom of the 6th over - 0 runs, 0 hits, 0 errors, 1 left on base; Vermont 4 - Minnesota (NYP) 0 |
TOP OF THE 7TH |
Vermont Lake Monsters batting - Pitching for Minnesota (NYP) Twins : RHP Jesus Ruiz
|
Batting: SHB Mike Jorgenson
|
0-0: Swinging Strike 0-1: Ball 1-1: Foul Ball, location: 2F 1-2: Foul Ball, location: 2F 1-2: Ball 2-2: Foul Ball, location: 2F 2-2: Ball 3-2: Ground out 3-1 (Groundball, 34, EV 89.4 MPH)
|
Batting: RHB Danny Heikkila
|
0-0: Called Strike 0-1: Ball 1-1: Ball 2-1: Swinging Strike 2-2: Strikes out swinging
|
Batting: RHB Ricardo Mariscal
|
0-0: Foul Ball, location: 2F 0-1: Ball 1-1: Ground out 6-3 (Groundball, 6, EV 87.5 MPH)
|
Top of the 7th over - 0 runs, 0 hits, 0 errors, 0 left on base; Vermont 4 - Minnesota (NYP) 0 |
BOTTOM OF THE 7TH |
Minnesota (NYP) Twins batting - Pitching for Vermont Lake Monsters : LHP David Noffsinger
|
Batting: LHB Seung-jun Chang
|
0-0: Called Strike 0-1: Ground out 5-3 (Groundball, 56, EV 88.1 MPH)
|
Batting: RHB Chris Starcher
|
0-0: Called Strike 0-1: Ball 1-1: Called Strike 1-2: Ball 2-2: Ball 3-2: Strikes out swinging
|
Batting: RHB Kelly Watson
|
0-0: Swinging Strike 0-1: Ball 1-1: Foul Ball, location: 2F 1-2: Ball 2-2: Ball 3-2: Strikes out swinging
|
Bottom of the 7th over - 0 runs, 0 hits, 0 errors, 0 left on base; Vermont 4 - Minnesota (NYP) 0 |
TOP OF THE 8TH |
Vermont Lake Monsters batting - Pitching for Minnesota (NYP) Twins : RHP Jesus Ruiz
|
Pitching: RHP John Childress
|
|
Batting: LHB Angel Sanchez
|
0-0: Ball 1-0: Called Strike 1-1: Ground out 4-3 (Groundball, 4S, EV 80.6 MPH)
|
Batting: RHB Tony Moran
|
0-0: Swinging Strike 0-1: Ball 1-1: Ball 2-1: Ground out 4-3 (Groundball, 34, EV 81.9 MPH)
|
Batting: RHB Casey Nicita
|
0-0: Called Strike 0-1: Fly out, F6 (Line Drive, 6, EV 63.1 MPH)
|
Top of the 8th over - 0 runs, 0 hits, 0 errors, 0 left on base; Vermont 4 - Minnesota (NYP) 0 |
BOTTOM OF THE 8TH |
Minnesota (NYP) Twins batting - Pitching for Vermont Lake Monsters : LHP David Noffsinger
|
Batting: RHB Ruben Torres
|
0-0: Swinging Strike 0-1: Swinging Strike 0-2: Ball 1-2: Ball 2-2: Ball 3-2: Foul Ball, location: 2F 3-2: Strikes out swinging
|
Batting: LHB Chris Munguia
|
0-0: Fly out, F2 (Popup, 25F, EV 76.9 MPH)
|
Batting: RHB Sean Gould
|
0-0: Ball 1-0: Swinging Strike 1-1: Ball 2-1: Swinging Strike 2-2: Ball 3-2: Base on Balls
|
Batting: SHB Ian Thompson
|
0-0: Ball 1-0: Called Strike 1-1: Swinging Strike 1-2: Strikes out swinging
|
Bottom of the 8th over - 0 runs, 0 hits, 0 errors, 1 left on base; Vermont 4 - Minnesota (NYP) 0 |
TOP OF THE 9TH |
Vermont Lake Monsters batting - Pitching for Minnesota (NYP) Twins : RHP John Childress
|
Batting: RHB Jose Marquez
|
0-0: Ball 1-0: Fly out, F8 (Flyball, 89D, EV 89.4 MPH)
|
Batting: RHB Chris Montgomery
|
0-0: Called Strike 0-1: Foul Ball, location: 2F 0-2: Ball 1-2: Strikes out swinging
|
Batting: RHB D.J. Torres
|
0-0: Ball 1-0: Ball 2-0: Called Strike 2-1: Ball 3-1: Base on Balls
|
Batting: SHB Mike Jorgenson
|
0-0: Called Strike 0-1: Ball 1-1: Ground out 4-3 (Groundball, 4MS, EV 67.5 MPH)
|
Top of the 9th over - 0 runs, 0 hits, 0 errors, 1 left on base; Vermont 4 - Minnesota (NYP) 0 |
BOTTOM OF THE 9TH |
Minnesota (NYP) Twins batting - Pitching for Vermont Lake Monsters : LHP David Noffsinger
|
Pitching: RHP Darwin Nunez
|
|
Batting: RHB David Nardone
|
0-0: Ball 1-0: Ground out 6-3 (Groundball, P, EV 83.8 MPH)
|
Batting: RHB Tony Crespo
|
0-0: Ball 1-0: Foul Ball, location: 2F 1-1: Ball 2-1: Swinging Strike 2-2: Strikes out swinging
|
Batting: LHB Seung-jun Chang
|
0-0: Ball 1-0: Ball 2-0: Foul Ball, location: 2F 2-1: Called Strike 2-2: DOUBLE (Line Drive, 8LD, EV 101.2 MPH)
|
Batting: RHB Chris Starcher
|
0-0: Ball 1-0: Ball 2-0: Ball 3-0: Base on Balls
|
Pitching: RHP Harry Barnes
|
|
Batting: RHB Kelly Watson
|
0-0: Called Strike 0-1: Ground out 5-3 (Groundball, 56S, EV 90.6 MPH)
|
Bottom of the 9th over - 0 runs, 1 hit, 0 errors, 2 left on base; Vermont 4 - Minnesota (NYP) 0 |
|